 Dungeon Crawl Stone Soup version 0.29.0-4-gdea44cf6ec (webtiles) character file.

Game seed: 17424922069191760327

25 qw the Ruffian (level 2, -2/29 HPs)
             Began as a Troll Cinder Acolyte on Sept 1, 2022.
             Was a High Priest of Ignis.
             Engulfed by a cloud of flame (15 damage)
             ... on level 1 of the Dungeon.
             The game lasted 00:00:21 (598 turns).

qw the Ruffian (Troll Cinder Acolyte)                Turns: 598, Time: 00:00:21

Health: -2/29      AC:  4    Str: 21    XL:     2   Next: 82%
Magic:  2/2        EV:  9    Int: 10    God:    Ignis [*****.]
Gold:   49         SH:  0    Dex:  5    Spells: 3/3 levels left

rFire   + . .      SeeInvis .     - Unarmed
rCold   . . .      Faith    .   (no shield)
rNeg    . . .      Spirit   .   a - +0 robe
rPois   .          Reflect  .   (helmet restricted)
rElec   .          Harm     .   (no cloak)
rCorr   .          Rampage  .   (gloves unavailable)
Will    .....                   (boots unavailable)
Stlth   +.........              (no amulet)
HPRegen 0.89/turn               (no ring)
MPRegen 0.08/turn               (no ring)

@: no status effects
A: large, unfitting armour, claws 3, regeneration 1, shaggy fur 1, tough skin 1
a: Renounce Religion, Fiery Armour, Foxfire Swarm, Rising Flame


You were on level 1 of the Dungeon.
You worshipped Ignis.
Ignis was extremely pleased with you.
You visited 1 branch of the dungeon, and saw 1 of its levels.

You collected 49 gold pieces.


Innate Abilities, Weirdness & Mutations

You are too large for most types of armour.
You have claws for hands.
Your natural rate of healing is unusually fast.
You are covered in fur. (AC +1)
You have tough skin. (AC +1)


   Skills:
 - Level 2.4 Fighting
 + Level 4.1 Unarmed Combat
 - Level 1.0 Spellcasting
 - Level 2.1 Fire Magic


You had 3 spell levels left.
You didn't know any spells.
Your spell library contained the following spells:

 Spells                   Type           Power      Damage    Failure   Level
 Scorch                   Fire           8%         2d5       22%         2

Inventory:

Armour
 a - a +0 robe (worn)

Dungeon Overview and Level Annotations

Branches:
Dungeon (1/15)

Altars:


Message History

Found 6 poisoned darts.
Things that are here:
a +0 club; a frilled lizard corpse
Found an escape hatch in the floor.
The hobgoblin shouts!
A hobgoblin is nearby!
You scratch the hobgoblin but do no damage.
The hobgoblin closely misses you.
You claw the hobgoblin!
You kill the hobgoblin!
e - a scroll labelled NUM CUTOOM You're in a travel-excluded area, stopping explore.
592 ||| DROPPING ring of wizardry.
You drop a ring of wizardry.
You're in a travel-excluded area, stopping explore.
593 ||| READING scroll labelled MINIXZ BUDYUWK.
As you read the scroll labelled MINIXZ BUDYUWK, it crumbles to dust.
You hear a loud clanging noise!
It was a scroll of noise.
You're in a travel-excluded area, stopping explore.
594 ||| READING scroll labelled FITSEN HAA.
As you read the scroll labelled FITSEN HAA, it crumbles to dust.
It is a scroll of amnesia.
You feel forgetful for a moment.
You're in a travel-excluded area, stopping explore.
595 ||| READING scroll labelled NUM CUTOOM.
Blink to where?
Press: ? - help, Dir - move target, f - you Are you sure you want to cancel this blink?
As you read the scroll labelled NUM CUTOOM, it crumbles to dust.
It was a scroll of blinking.
You're in a travel-excluded area, stopping explore.
You're in a travel-excluded area, stopping explore.
596 ||| Stepping randomly (stuck).
Really walk into that cloud of flame?
You are engulfed in blazing flames.
You resist.
You're standing in a cloud of flame!
You are engulfed in blazing flames.
You resist.
You're standing in a cloud of flame!
You are engulfed in blazing flames.
You resist.
Ouch! That really hurt!
You die...

#..........###########.##
####.#######.# #. #.#
.....# #...# #. #.# ####.#
#¤00# #. #.# .....# #¤0¤#
#.#####.# ####.# #00¤#
#.......#
.###.#####...######.######
......¤¤0...$.0¤¤.#.#
####...0¤.....¤0@...#
#.).¤0.$$..000=###
#.#####...###### #.# #¤¤
####.# # .....# ###.%#
#..######################
###...>...................#


There were no monsters in sight!

Vanquished Creatures
  2 dart slugs (D:1)
  A ball python (D:1)
  2 bats (D:1)
  2 endoplasms (D:1)
  A giant cockroach (D:1)
  2 hobgoblins (D:1)
  A quokka (D:1)
  A frilled lizard (D:1)
  4 goblins (D:1)
  2 kobolds (D:1)
18 creatures vanquished.

Vanquished Creatures (others)
  A hobgoblin (D:1)
1 creature vanquished.

Grand Total: 19 creatures vanquished

Notes
Turn   | Place    | Note
-------+----------+-------------------------------------------
     0 | D:1      | qw the Troll Cinder Acolyte began the quest for the Orb.
     0 | D:1      | Reached XP level 1. HP: 22/22 MP: 1/1
     0 | D:1      | 0 ||| qw: Version: 0.1-a-97-g2dd2ca4
     0 | D:1      | 0 ||| qw: Game counter: 4745
     0 | D:1      | 0 ||| qw: Always use a shield: true
     0 | D:1      | 0 ||| qw: God list: Okawaru
     0 | D:1      | 0 ||| qw: Allow faded altars: false
     0 | D:1      | 0 ||| qw: Do Orc after D:15 true
     0 | D:1      | 0 ||| qw: Do second Lair branch before Depths: true
     0 | D:1      | 0 ||| qw: Lair rune preference: random
     0 | D:1      | 0 ||| qw: Plans: Normal
     0 | D:1      | 0 ||| PLANNING D:1-11
   157 | D:1      | 157 ||| Stepping ~*~*~tactically~*~*~ (hiding).
   299 | D:1      | 299 ||| Stepping ~*~*~tactically~*~*~ (outnumbered).
   300 | D:1      | 300 ||| Stepping ~*~*~tactically~*~*~ (outnumbered).
   308 | D:1      | 308 ||| Stepping ~*~*~tactically~*~*~ (outnumbered).
   310 | D:1      | Reached XP level 2. HP: 19/29 MP: 2/2
   502 | D:1      | Reached skill level 4 in Unarmed Combat
   592 | D:1      | 592 ||| DROPPING ring of wizardry.
   593 | D:1      | 593 ||| READING scroll labelled MINIXZ BUDYUWK.
   594 | D:1      | 594 ||| READING scroll labelled FITSEN HAA.
   595 | D:1      | 595 ||| READING scroll labelled NUM CUTOOM.
   596 | D:1      | 596 ||| Stepping randomly (stuck).
   598 | D:1      | Engulfed by a cloud of flame

Levels and vault maps discovered:
D:1:      wander_arrival_estate, layout_basic,
          shapermc_ecumenical_altar_mp_urbaneastern, minmay_misc_feat_ornament,
          lemuel_flame_loot_1

Skill      XL: |  1  2 |
---------------+-------+-----
Unarmed Combat | 4 |  4.1
Fighting       | |  2.4
Spellcasting   | |  1.0
Fire Magic     | |  2.1

Action                   || total
-------------------------++-------
Melee: Unarmed           ||    46
  Use: Scroll            ||     3
Armor: Robe              ||    17
Dodge: Dodged            ||    22

Table legend:
 A = Non-vault XP
 B = Vault XP
 C = Vault XP percentage of total XP
 D = Non-vault monster count
 E = Vault monster count
 F = Vault count percentage of total count
                 A         B        C        D         E       F
            +---------+---------+-------+---------+---------+-------
      Total |      36 |       0 |   0.0 |      18 |       0 |   0.0
            +---------+---------+-------+---------+---------+-------
        D:1 |      36 |       0 |   0.0 |      18 |       0 |   0.0
            +---------+---------+-------+---------+---------+-------
